 Dungeon Crawl Stone Soup version 0.17.1-1-g73c8601 (webtiles) character file.

48 JustSomeDude the Insei (level 3, -1/29 HPs)
             Began as a Demonspawn Monk on Jan 1, 2016.
             Slain by Terence
             ... wielding a +1 falchion of holy wrath
              (2 damage)
             ... on level 2 of the Dungeon.
             The game lasted 00:04:03 (1635 turns).

JustSomeDude the Insei (Demonspawn Monk)            Turns: 1635, Time: 00:04:04

Health: -1/29      AC:  5    Str: 11    XL:     3   Next: 50%
Magic:  3/3        EV: 12    Int: 11    God:
Gold:   99         SH:  0    Dex: 16    Spells: 0 memorised, 2 levels left

rFire  . . .     SeeInvis .       - Unarmed
rCold  . . .     Clarity  .     k - +0 ring mail
rNeg   . . .     SustAt   .     (no shield)
rPois  .         Gourm    .     (no helmet)
rElec  .         Spirit   .     (no cloak)
rCorr  .         Warding  .     (no gloves)
rMut   .         Stasis   .     (no boots)
MR     .....                    (no amulet)
Stlth  ++........               (no ring)
                                (no ring)

@: not resistant to hostile enchantments, unstealthy
A: nightstalker 1, rot immunity
a: no special abilities


You were on level 2 of the Dungeon.
You were not hungry.

You visited 1 branch of the dungeon, and saw 2 of its levels.

You collected 99 gold pieces.

Inventory:

Missiles
 e - 61 stones (quivered)
Armour
 k - a +0 ring mail (worn)
Scrolls
 a - 2 scrolls of fear {unknown}
 b - a scroll of immolation {unknown}
 d - 4 scrolls of magic mapping {unknown}
 f - a scroll of remove curse {unknown}
 g - 2 scrolls of amnesia {unknown}
 j - a scroll of identify {unknown}
 l - a scroll of blinking {unknown}
Potions
 c - 3 potions of heal wounds {unknown}
 h - a potion of curing {unknown}
 i - a potion of magic {unknown}
 m - a potion of haste {unknown}


   Skills:
 + Level 3.1 Fighting
 + Level 0.1 Armour
 + Level 3.3 Dodging
 + Level 2.0 Stealth
 + Level 4.1 Unarmed Combat


You had 2 spell levels left.
You didn't know any spells.

Dungeon Overview and Level Annotations

Branches:
Dungeon (2/15)

Altars:
Gozag
Qazlal

Annotations:
D:2 Terence


Innate Abilities, Weirdness & Mutations

You are slightly more attuned to the shadows.
You are immune to rotting.


Message History

You are too injured to fight recklessly!
Terence shouts, "Now you die!"
There is a stone staircase leading down here.
Terence screams, "I want your blood!"
Terence says, "Time to say good-bye..."
You hit Terence.
Terence is severely wounded.
Terence hits you with a falchion of holy wrath.
* * * LOW HITPOINT WARNING * * *
You convulse.
* * * LOW HITPOINT WARNING * * *
You hit Terence.
Terence is almost dead.
Terence closely misses you.
You closely miss Terence.
Terence is almost dead.
Terence hits you with a falchion of holy wrath.
* * * LOW HITPOINT WARNING * * *
You convulse.
You die...

#.....................#..
#.>......................
#...####.................
#............####........
#.............##.....#....
#.........................
............#############
.........................
#.......@@.)#...#...#...#
#........................
#...........#.[.#...#...#
#........................
#...........#############
#....................#
........#'#........#
##...#.##.......#
#...............


You could see Terence.

Vanquished Creatures
  An adder (D:2)
  2 ball pythons
  A giant cockroach (D:1)
  5 goblins (D:1)
  5 hobgoblins
  4 jackals (D:1)
  A quokka (D:2)
  5 bats (D:1)
  5 kobolds
  7 rats
36 creatures vanquished.

Notes
Turn   | Place    | Note
--------------------------------------------------------------
     0 | D:1      | JustSomeDude the Demonspawn Monk began the quest for the Orb.
     0 | D:1      | Reached XP level 1. HP: 18/18 MP: 1/1
   142 | D:1      | Gained mutation: You are immune to rotting. [demonic ancestry]
   142 | D:1      | Reached XP level 2. HP: 24/24 MP: 2/2
   375 | D:1      | Reached skill level 4 in Unarmed Combat
  1002 | D:1      | Gained mutation: You are slightly more attuned to the shadows. [demonic ancestry]
  1002 | D:1      | Reached XP level 3. HP: 29/29 MP: 3/3
  1306 | D:2      | Found a stormy altar of Qazlal.
  1536 | D:2      | Found an opulent altar of Gozag.
  1570 | D:2      | Noticed Terence
  1635 | D:2      | HP: 1/29 [Terence/falchion of holy wrath (5)]
  1635 | D:2      | Slain by Terence

Action                   || total
-------------------------++-------
Melee: Unarmed           ||   119
Throw: Stone             ||     9
 Stab: Sleeping          ||     5
  Eat: Bread ration      ||     1
